 Dungeon Crawl Stone Soup version 0.31-a0-149-g3fdcc5976a (webtiles) character file.

Game seed: 6443898421001742576

166 qw the Shooter (level 5, -3/46 HPs)
             Began as a Minotaur Hunter on June 7, 2023.
             Slain by an ogre
             ... wielding a +0 giant spiked club
              (23 damage)
             ... on level 4 of the Dungeon.
             The game lasted 00:00:52 (2089 turns).

qw the Shooter (Minotaur Hunter)                    Turns: 2089, Time: 00:00:52

Health: -3/46      AC:  5    Str: 15    XL:     5   Next: 22%
Magic:  4/4        EV: 11    Int:  6    God:
Gold:   105        SH:  0    Dex: 16    Spells: 4/4 levels left

rFire   . . .        Y - +0 shortbow
rCold   . . .        (shield currently unavailable)
rNeg    . . .        d - +0 ring mail
rPois   .            (helmet restricted)
rElec   .            (no cloak)
rCorr   .            (no gloves)
SInv    .            (no boots)
Will    .....        (no amulet)
Stlth   +            (no ring)
HPRegen 0.27/turn    (no ring)
MPRegen 0.09/turn

%: no passive effects
@: no status effects
A: horns 2, retaliatory headbutt
a: no special abilities


You were on level 4 of the Dungeon.
You visited 1 branch of the dungeon, and saw 4 of its levels.

You collected 105 gold pieces.


Innate Abilities, Weirdness & Mutations

You have a pair of horns on your head.
You reflexively headbutt those who attack you in melee.


   Skills:
 - Level 4.0 Fighting
 + Level 6.1 Ranged Weapons
 - Level 2.3 Armour
 - Level 2.1 Dodging
 - Level 0.7 Stealth


You had 4 spell levels left.
You didn't know any spells.
Your spell library was empty.

Inventory:

Hand Weapons
 Y - a +0 shortbow (weapon)
Armour
 d - a +0 ring mail (worn)
Scrolls
 a - a scroll of identify
 c - 2 scrolls of teleportation
Potions
 b - a potion of heal wounds
 e - 2 potions of curing

Dungeon Overview and Level Annotations

Branches:
Dungeon (4/15)
 Temple: D:4-7

Altars:
Cheibriados

Annotations:
D:2 1 runed translucent door, Crazy Yiuf


Message History

Where to? (* - list waypoints, Enter - D:3, ? - help)
What level of the Dungeon? (default 1, ? - help)
There is a stone staircase leading down here.
You climb downwards.
Found a stone staircase leading down.
There is a stone staircase leading up here.
Waypoint 3 assigned to D:4.
Found an escape hatch in the floor.
Found a potion of magic.
Found 4 poisoned darts.
Found a stone staircase leading up.
You see here 4 poisoned darts.
There is a stone staircase leading up here.
A hobgoblin comes into view.
The hobgoblin shouts!
You hear a shout!
An ogre comes into view. It is wielding a +0 giant spiked club.
You shoot an arrow. The arrow closely misses the hobgoblin.
The arrow hits the ogre!
The ogre is moderately wounded.
You shoot an arrow. The arrow hits the hobgoblin.
The hobgoblin is heavily wounded.
You shoot an arrow. The arrow closely misses the hobgoblin.
You shoot an arrow. The arrow hits the hobgoblin.
You kill the hobgoblin!
You shoot an arrow. The arrow hits the ogre.
The ogre is heavily wounded.
You shoot an arrow.
The arrow hits the ogre but does no damage.
The ogre is heavily wounded.
The ogre closely misses you.
You shoot an arrow. The arrow hits the ogre.
The ogre is heavily wounded.
You shoot an arrow. The arrow hits the ogre.
The ogre is almost dead.
The ogre hits you with a +0 giant spiked club!!
Ouch! That really hurt!
You shoot an arrow. The arrow hits the ogre.
The ogre is almost dead.
The ogre hits you with a +0 giant spiked club!!
Ouch! That really hurt!
You die...

####### #.....#
#.###.# ##(# #.####
#####<.# #....#
#..O@..# ####.#
#......######.#
....%......#.....#
.....!...#.#.#######
...........#.#.....#
........####.##.##.#
.............##.##.#
######.#..>........#
#........#..#


You could see an ogre.

Vanquished Creatures
  A hound (D:2)
  Terence (D:2)
  4 adders
  2 worms (D:3)
  4 dart slugs
  2 endoplasms (D:1)
  2 giant cockroaches
  7 goblins
  6 hobgoblins
  2 jackals (D:3)
  5 quokkas
  5 ball pythons
  A bat (D:1)
  A frilled lizard (D:2)
  3 kobolds
  22 rats
68 creatures vanquished.

Notes
Turn   | Place    | Note
-------+----------+-------------------------------------------
     0 | D:1      | qw the Minotaur Hunter began the quest for the Orb.
     0 | D:1      | Reached XP level 1. HP: 18/18 MP: 0/0
     0 | D:1      | 0 ||| qw: Version: 0.2-a-117-gc6b5c8b
     0 | D:1      | 0 ||| qw: Game counter: 2559
     0 | D:1      | 0 ||| qw: Always use a shield: true
     0 | D:1      | 0 ||| qw: God list: Okawaru
     0 | D:1      | 0 ||| qw: Allow faded altars: false
     0 | D:1      | 0 ||| qw: Do Orc after D:15 true
     0 | D:1      | 0 ||| qw: Do second Lair branch before Depths: true
     0 | D:1      | 0 ||| qw: Lair rune preference: random
     0 | D:1      | 0 ||| qw: Plans: Normal
     0 | D:1      | 0 ||| PLANNING D:1-11
    24 | D:1      | 24 ||| FLEEEEING.
   106 | D:1      | Reached XP level 2. HP: 23/25 MP: 1/1
   109 | D:1      | Reached skill level 5 in Ranged Weapons
   288 | D:1      | Reached skill level 3 in Fighting
   576 | D:1      | Reached XP level 3. HP: 31/31 MP: 2/2
   639 | D:1      | 639 ||| UPGRADING to +0 ring mail.
   649 | D:1      | 649 ||| DROPPING +0 leather armour.
   650 | D:1      | 650 ||| READING scroll labelled GATATHRI OTWUTS.
   651 | D:1      | 651 ||| READING scroll labelled EWEBBEWUOTO.
   652 | D:1      | 652 ||| READING scroll labelled FUM QEOM YDUST.
   707 | D:1      | 707 ||| READING scroll labelled DADURI GOEFEAHU.
   708 | D:1      | 708 ||| READING scroll labelled QIXAFOY TUMOCI.
   709 | D:1      | 709 ||| DRINKING 2 lumpy amethyst potions.
   710 | D:1      | 710 ||| DROPPING scroll of butterflies.
   780 | D:2      | Reached XP level 4. HP: 33/38 MP: 3/3
   832 | D:2      | Noticed Terence
   840 | D:2      | Killed Terence
   961 | D:2      | Found a runed translucent door.
   962 | D:2      | Noticed Crazy Yiuf
  1107 | D:2      | Reached skill level 6 in Ranged Weapons
  1402 | D:2      | 1402 ||| READING 3 scrolls labelled IZODDEIZEL.
  1442 | D:2      | 1442 ||| DRINKING 2 metallic pink potions.
  1567 | D:3      | Reached XP level 5. HP: 46/46 MP: 4/4
  1640 | D:3      | Found a snail-covered altar of Cheibriados.
  1983 | D:3      | 1983 ||| DROPPING +6 ring of intelligence.
  1984 | D:3      | 1984 ||| READING scroll labelled CEINEIVADGH.
  1985 | D:3      | 1985 ||| READING 2 scrolls of identify.
  1985 | D:3      | 1985 ||| IDENTIFYING coppery potion
  1986 | D:3      | 1986 ||| DROPPING potion of magic.
  2080 | D:4      | Noticed an ogre
  2089 | D:4      | Slain by an ogre

Levels and vault maps discovered:
D:1:      tarquinn_simple_flora_water_f, layout_loops_ring
D:2:      layout_basic, minmay_rat_hole, uniq_terence, uniq_crazy_yiuf_cottage
D:3:      layout_loops_ring, cheibriados_altar_1, chequers_decorated_corner
D:4:      layout_basic, xom_teletrap_fun, minmay_temple_entry_wispy

Skill      XL: |  1  2  3  4  5 |
---------------+----------------+-----
Ranged Weapons | 5 6 |  6.1
Fighting       | 3 4 |  4.0
Armour         | 2 |  2.3
Dodging        | |  2.1
Stealth        | |  0.7

Action                     |  1- 3 |  4- 6 || total
---------------------------+-------+-------++-------
   Fire: Shortbow          |    77 |   122 ||   199
    Use: Scroll            |     5 |     3 ||     8
         Potion            |     1 |     1 ||     2
 Armour: Ring mail         |     3 |    18 ||    21
  Dodge: Dodged            |    25 |    43 ||    68

Table legend:
 A = Non-vault XP
 B = Vault XP
 C = Vault XP percentage of total XP
 D = Non-vault monster count
 E = Vault monster count
 F = Vault count percentage of total count
                 A         B        C        D         E       F
            +---------+---------+-------+---------+---------+-------
      Total |     182 |      56 |  23.5 |      48 |      20 |  29.4
            +---------+---------+-------+---------+---------+-------
        D:1 |      44 |       0 |   0.0 |      24 |       0 |   0.0
        D:2 |      88 |      56 |  38.9 |      13 |      20 |  60.6
        D:3 |      48 |       0 |   0.0 |      10 |       0 |   0.0
        D:4 |       2 |       0 |   0.0 |       1 |       0 |   0.0
            +---------+---------+-------+---------+---------+-------
